 Dungeon Crawl Stone Soup version 0.24.0-125-gc4c63601f3 (webtiles) character file.

Game seed: 8015696665205125495, levelgen mode: deterministic

362 Johnny the Poker (level 6, -4/48 HPs)
             Began as a Demigod Gladiator on Feb 23, 2020.
             Slain by a mummy (8 damage)
             ... in an ossuary.
             The game lasted 00:03:08 (3465 turns).

Johnny the Poker (Demigod Gladiator)                Turns: 3465, Time: 00:03:09

Health: -4/48      AC:  9    Str: 21    XL:     6   Next: 15%
Magic:  8/8        EV:  9    Int: 12    God:
Gold:   171        SH:  0    Dex: 17    Spells: 5/5 levels left

rFire    . . .     SeeInvis .   p - +0 halberd
rCold    . . .     Gourm    .   (shield currently unavailable)
rNeg     . . .     Faith    +   l - +0 chain mail
rPois    .         Spirit   .   c - +0 helmet
rElec    .         Reflect  .   (no cloak)
rCorr    .         Harm     .   (no gloves)
MR       .....                  (no boots)
Stlth    ..........             e - amulet of faith
HPRegen  0.16/turn              (no ring)
MPRegen  0.11/turn              (no ring)

@: no status effects
A: high mp 1
a: no special abilities


You were in an ossuary.
You were hungry.

You visited 1 branch of the dungeon, and saw 4 of its levels.
You also visited: Ossuary.

You collected 171 gold pieces.

Inventory:

Hand Weapons
 p - a +0 halberd (weapon)
Missiles
 d - 3 throwing nets (quivered)
Armour
 c - a +0 helmet (worn)
 l - a +0 chain mail (worn)
Jewellery
 e - an amulet of faith (around neck)
 m - an uncursed ring of fire
Scrolls
 b - a scroll of amnesia {unknown}
 g - 2 scrolls of blinking {unknown}
 h - 3 scrolls of teleportation {unknown}
 i - 8 scrolls of identify {unknown}
 k - a scroll of immolation {unknown}
 n - 2 scrolls of remove curse {unknown}
 o - a scroll of enchant armour {unknown}
 u - a scroll of random uselessness {unknown}
 v - a scroll of fear {unknown}
 x - a scroll of enchant weapon {unknown}
 y - a scroll of magic mapping {unknown}
Potions
 a - a potion of ambrosia {unknown}
 j - a potion of flight {unknown}
 q - 3 potions of curing {unknown}
 r - a potion of lignification {unknown}
 s - a potion of haste {unknown}
 t - a potion of resistance {unknown}
 w - a potion of agility {unknown}
Comestibles
 f - 6 rations


   Skills:
 - Level 1.7 Fighting
 + Level 6.6 Polearms
 - Level 1.7 Throwing
 - Level 2.6 Dodging


You had 5 spell levels left.
You didn't know any spells.
Your spell library contained the following spells:

 Spells                   Type           Power        Failure   Level  Hunger
 Beastly Appendage        Tmut           #.....       98%         1    ##.....
 Sticks to Snakes         Tmut           #.......     99%         2    ###....
 Spider Form              Tmut/Pois      #.........   100%        3    ####...
 Ice Form                 Ice/Tmut       #.......     100%        4    #####..
 Blade Hands              Tmut           #.........   100%        5    ######.


Dungeon Overview and Level Annotations

Branches:
Dungeon (4/15)            Ossuary (1/1)
 Temple: D:4-7


Innate Abilities, Weirdness & Mutations

You have an increased reservoir of magic. (+10% MP)


Message History

* * * LOW HITPOINT WARNING * * *
Attack whom?
Press: ? - help, Dir - move target cursor, f/p - big kobold zombie
Aim: a big kobold zombie (almost destroyed)
You hit the big kobold zombie but do no damage.
The big kobold zombie is almost destroyed.
Unknown command.
Attack whom?
Press: ? - help, Dir - move target cursor, f/p - big kobold zombie
Aim: a big kobold zombie (almost destroyed)
Okay, then.
Unknown command.
Unknown command.
The big kobold zombie closely misses you.
The mummy hits you!
* * * LOW HITPOINT WARNING * * *
You hit the kobold zombie.
The kobold zombie is moderately damaged.
The kobold zombie barely misses you. The mummy hits you!
You die...

.............
............
#........#
#......#
#....# #....#
#....#


#ZMMZ# #.M@.# #....# #....# #....# #.∩∩.# ###### You could see 3 mummies, a
kobold zombie and a big kobold zombie.

Vanquished Creatures
  A crimson imp (D:3)
  A centaur skeleton (D:4)
  3 orc wizards
  A worker ant (D:4)
  A mummy (Ossuary)
  A hound skeleton (D:4)
  4 gnolls
  2 adders
  An adder zombie (D:2)
  2 adder skeletons
  2 worms (D:2)
  A dart slug (D:2)
  4 leopard geckos
  7 orcs
  4 bats
  A bat skeleton (D:2)
  A bat zombie (D:2)
  5 giant cockroaches
  2 gnoll zombies (Ossuary)
  6 goblins
  4 hobgoblins
  8 jackals
  8 kobolds
  A quokka (D:4)
  A ball python skeleton (D:2)
  3 frilled lizards
  2 hobgoblin zombies (Ossuary)
  A jackal zombie (D:2)
  A leopard gecko skeleton (D:4)
  2 orc zombies (Ossuary)
  A quokka zombie (D:2)
  9 rats
91 creatures vanquished.

Notes
Turn   | Place    | Note
-------+----------+-------------------------------------------
     0 | D:1      | Johnny the Demigod Gladiator began the quest for the Orb.
     0 | D:1      | Reached XP level 1. HP: 17/17 MP: 3/3
   289 | D:2      | Reached skill level 3 in Polearms
   321 | D:2      | Reached XP level 2. HP: 17/24 MP: 4/4
   472 | D:2      | Reached skill level 4 in Polearms
   472 | D:2      | Reached XP level 3. HP: 11/29 MP: 5/5
  1134 | D:2      | Found a white marble altar of Elyvilon.
  1412 | D:2      | Reached XP level 4. HP: 36/36 MP: 6/6
  1486 | D:2      | Found a hide-covered altar of Uskayaw.
  1486 | D:2      | Found an ornate altar of the Wu Jian Council.
  1727 | D:1      | Reached skill level 5 in Polearms
  2387 | D:3      | Found a burning altar of Makhleb.
  2567 | D:3      | Reached XP level 5. HP: 19/41 MP: 7/7
  2847 | D:3      | Found an iron altar of Okawaru.
  2976 | D:4      | Reached skill level 6 in Polearms
  3147 | D:4      | Reached XP level 6. HP: 37/48 MP: 8/8
  3193 | D:4      | Found a sand-covered staircase.
  3200 | Ossuary  | Entered an ossuary
  3465 | Ossuary  | Slain by a mummy

Levels and vault maps discovered:
D:1:      wander_arrival_chamber, layout_rooms, chequers_serial_rivers_micro_b,
          chequers_arboretum
D:2:      layout_basic, gammafunk_temple_overflow_wave, elyvilon_altar_1,
          serial_undead, serial_undead_a, serial_undead_c, serial_undead_c,
          serial_undead_d
D:3:      layout_basic, kennysheep_okawaru_gauntlet, makhleb_grotto_becter
D:4:      layout_cave_pools, fedhas_altar_1, lemuel_crystal_altar,
          enter_ossuary_4, serial_shops, shop, serial_park_tiny_pond,
          uniq_natasha
Ossuary:  ossuary_tomb_3

Skill      XL: |  1  2  3  4  5 |
---------------+----------------+-----
Polearms       | 3 4 5 6 |  6.6
Fighting       | |  1.7
Throwing       | |  1.7
Dodging        | |  2.6

Action                   |  1- 3 |  4- 6 || total
-------------------------+-------+-------++-------
Melee: Trident           |   110 |    40 ||   150
       Halberd           |       |   174 ||   174
  Eat: Chunk             |     2 |     6 ||     8
Armor: Leather armour    |    22 |       ||    22
       Chain mail        |    10 |   127 ||   137
Dodge: Dodged            |    75 |    99 ||   174
